 Dungeon Crawl Stone Soup version 0.30-a0-851-gbd0d260d8e (webtiles) character file.

Game seed: 18026724213834106129

370146 RepoMan the Sensei (level 21, -25/150 HPs)
             Began as a Vampire Monk on Mar 2, 2023.
             Was the Champion of Wu Jian.
             Killed from afar by a hell knight (33 damage)
             ... with a bolt of fire
             ... led by Margery
             ... on level 4 of the Vaults on Mar 4, 2023.
             The game lasted 06:36:27 (56094 turns).

RepoMan the Sensei (Vampire Monk)                  Turns: 56094, Time: 06:36:27

Health: -25/150    AC:  0    Str: 18    XL:     21   Next: 67%
Magic:  21/21      EV: 46    Int: 14    God:    Wu Jian [******]
Gold:   1058       SH:  5    Dex: 23    Spells: 20/20 levels left

rFire   . . .      SeeInvis +      - Unarmed
rCold   + + .      Faith    .    (shield currently unavailable)
rNeg    + + +      Spirit   .    (body armour currently unavailable)
rPois   ∞          Reflect  +    (helmet currently unavailable)
rElec   .          Rampage  .    (cloak currently unavailable)
rCorr   .                        (gloves currently unavailable)
Will    ++...                    (boots currently unavailable)
Stlth   +++++++                  k - amulet of reflection
HPRegen 0.00/turn                (ring currently unavailable)
MPRegen 0.17/turn                (ring currently unavailable)

@: exhausted, bat-form, flying, bloodless, inhibited regen, very quick
A: fast, flying, no casting, tiny, bloodless, fangs 3, see invisible, vampiric 2
}: 2/15 runes: serpentine, barnacled
a: Revivify, End Transformation, Renounce Religion, Wall Jump, Serpent's Lash,
Heavenly Storm


You were on level 4 of the Vaults.
You worshipped Wu Jian.
Wu Jian was exalted by your worship.
You were a vampire bat.
You visited 8 branches of the dungeon, and saw 38 of its levels.
You visited the Abyss 1 time.
You visited 1 bazaar.
You also visited: Wizlab.

You collected 5656 gold pieces.
You spent 4598 gold pieces at shops.

Inventory:

Jewellery
 d - an amulet of regeneration
 k - an amulet of reflection (around neck)
 A - an amulet of the acrobat
 F - an amulet of guardian spirit
Wands
 n - a wand of mindburst (3)
 t - a wand of digging (28)
 x - a wand of flame (61)
 B - a wand of roots (18)
 H - a wand of acid (12)
 I - a wand of polymorph (9)
 M - a wand of paralysis (4)
Scrolls
 a - 7 scrolls of fear
 e - 18 scrolls of teleportation
 g - 2 scrolls of identify
 j - 10 scrolls of noise
 m - 6 scrolls of immolation
 o - a scroll of enchant weapon
 q - 5 scrolls of blinking
 r - 6 scrolls of vulnerability
 s - 3 scrolls of magic mapping
 v - 5 scrolls of fog
 z - 4 scrolls of butterflies
 K - 3 scrolls of poison
Potions
 b - 6 potions of ambrosia
 c - 9 potions of curing
 f - 3 potions of resistance
 h - 2 potions of cancellation
 i - 6 potions of haste
 l - 10 potions of flight
 p - 3 potions of heal wounds
 u - 5 potions of mutation
 w - 2 potions of attraction
 D - a potion of berserk rage
Miscellaneous
 y - a phantom mirror
 C - a piece from Xom's chessboard (15/15)
 G - a condenser vane (inert)
 J - a box of beasts
 L - a tin of tremorstones (2/2)


   Skills:
 * Level 21.9 Fighting
 + Level 22.2 Dodging
 + Level 9.3 Stealth
 + Level 24.6 Unarmed Combat
 + Level 15.4 Evocations


You had 20 spell levels left.
You didn't know any spells.
Your spell library contained the following spells:

 Spells                   Type           Power      Damage    Failure   Level
 Poisonous Vapours        Pois/Air       0%         N/A       41%         2
 Ignite Poison            Fire/Tmut/Pois 0%         N/A       65%         3
 Summon Lightning Spire   Summ/Air       0%         N/A       96%         4
 Haunt                    Necr/Summ      0%         N/A       100%        7


Dungeon Overview and Level Annotations

Branches:
Dungeon (15/15)            Temple (1/1) D:5            Lair (5/5) D:10
 Shoals (4/4) Lair:3        Snake (4/4) Lair:3        Slime (0/5) Lair:5
    Orc (2/2) D:11            Elf (3/3) Orc:2        Vaults (4/5) D:14
  Crypt (0/3) Vaults:3     Depths (0/4) D:15         WizLab (visited)

Altars:
Dithmenos
Fedhas
Gozag
Kikubaaqudgha
Makhleb
Nemelex Xobeh
Okawaru
Ru
Sif Muna
Trog
Uskayaw
Vehumet
Wu Jian
Xom
Jiyva

Shops:
D:1 ?   D:15 *   Orc:1 *   Orc:2 ?([!   Snake:1 :

Portals:
Trove: D:10 (give 8 potions of haste)

Annotations:
D:12 exclusions: 2 skeletal warriors and sphinx
D:13 exclusion: upstairs
Lair:2 2 transporters, wamuu's ghost, journeyman HOFi
Lair:3 1 runed translucent door, Rupert
Lair:4 exclusion: 2 hydras
Lair:5 Urug
Elf:2 3 runed translucent doors
Elf:3 Roxanne
Vaults:2 exclusion: fire giant, Boris


Innate Abilities, Weirdness & Mutations

You are a vampire bat.
You are tiny and dextrous.
You move quickly.
You are flying.
You are immune to poison.
Your equipment is almost entirely melded.
You are incapable of wielding weapons or throwing items.
You cannot cast spells.
You do not regenerate when monsters are visible.
You are frail without blood (-20% HP).
You can heal yourself when you bite living creatures.
You are immune to poison.
You have razor-sharp teeth.
You have supernaturally acute eyesight. (SInv)
You are afflicted with vampirism and can become a bat while bloodless.


Message History

Aiming: Fastroot
Press: ? - help, Shift-Dir - straight line, f - ironbound convoker
Aim: an ironbound convoker, wielding a +0 morningstar and wearing a +0 ring mail (severely wounded)
The roots erupt in riotous growth!
Roots grab the ironbound convoker.
Roots grab the vault warden.
Roots grab the ironbound preserver.
Roots grab the war gargoyle.
Roots grab the hell knight.
The grasping roots constrict the ironbound convoker.
The grasping roots constrict the hell knight.
The grasping roots constrict the ironbound preserver.
The grasping roots constrict the vault warden!
The grasping roots constrict the war gargoyle.
The war gargoyle hits you with a +0 dire flail!!
The vault warden barely misses you.
The ironbound convoker struggles to escape constriction.
The ironbound preserver struggles to escape constriction.
The hell knight hits you from afar with a +3 halberd of flaming!!!
* * * LOW HITPOINT WARNING * * *
The hell knight burns you.
* * * LOW HITPOINT WARNING * * *
You block the war gargoyle's attack.
Blink to where?
Press: ? - help, Dir - move target, p - ironbound convoker
As you read the scroll of blinking, it crumbles to dust.
The grasping roots constrict the ironbound convoker!!
You kill the ironbound convoker!
The Council accepts your kill.
The grasping roots constrict the hell knight!
The grasping roots constrict the ironbound preserver!
The grasping roots constrict the vault warden!
You kill the vault warden!
The Council accepts your kill.
The runic seals fade away.
The grasping roots constrict the war gargoyle, but do no damage.
The hell knight struggles to escape constriction.
The ironbound preserver struggles to escape constriction.
The war gargoyle struggles to escape constriction.
The hell knight invokes the aid of its god against you.
The bolt of fire hits you!!
You die...

..............) ....
##########........
....#....)§..+.....###
...#.....)9.#.....#
..#....pp..#.....#
...#...†....#.....#
...#........#.....#
...#........#.....# ..
#b.......#.....+ .
#####+######...#


You could see an ironbound preserver (rooted), a hell knight (fast, strong,
rooted) and a war gargoyle (rooted).

Vanquished Creatures
  Bai Suzhen (Vaults:2)
  Vashnia (Snake:4)
  Hellbinder (WizLab)
  Jorgrun (Snake:1)
  2 deep elf master archers (Elf:3)
  3 deep elf blademasters (Elf:3)
  3 sphinxes (Shoals:4)
  A tentacled starspawn (Abyss:3)
  Polyphemus (Shoals:2)
  Kirke (Shoals:1)
  Frances (Snake:1)
  A tengu reaver (Vaults:3)
  Donald (Vaults:2)
  Aizul (Snake:4)
  4 nagarajas (Snake:4)
  Louise (Elf:3)
  The ghost of Majang the Zephyrmancer, an adept TeFE of Vehumet (Shoals:2)
  8 vault wardens
  A balrug (WizLab)
  8 deep elf sorcerers (Elf:3)
  9 deep elf elementalists
  A curse skull (Vaults:3)
  5 orc warlords
  4 ironbound thunderhulks
  2 cacodemons
  A vampire knight (Vaults:3)
  5 war gargoyles
  9 very ugly things
  A stone giant (D:11)
  13 ironbound preservers
  A demonspawn black sun (WizLab)
  The ghost of Opifex the Cleaver, a journeyman DsFi of Okawaru (Elf:1)
  5 deep elf demonologists
  3 dire elephants (Vaults:3)
  8 deep elf annihilators (Elf:3)
  2 lorocyprocas (WizLab)
  A minotaur (Shoals:4)
  3 deep elf death magi (Elf:3)
  A blizzard demon (WizLab)
  2 ettins
  An entropy weaver (shapeshifter) (D:13)
  3 crystal guardians (Vaults:3)
  Josephine (D:14)
  5 deep elf high priests (Elf:3)
  4 merfolk impalers
  2 merfolk javelineers
  A green death (WizLab)
  3 rakshasas (D:15)
  An entropy weaver (Vaults:1)
  9 yaktaur captains
  A hell beast (WizLab)
  2 salamander tyrants (Snake:3)
  3 vault guards
  3 great orbs of eyes
  5 peacekeepers
  4 merfolk avatars
  19 centaur warriors
  2 catoblepae
  16 anacondas
  4 ironbound frosthearts
  11 naga warriors
  4 two-headed ogres
  5 boulder beetles
  14 satyrs
  2 death yaks (Shoals:2)
  2 titan zombies (D:11)
  12 naga sharpshooters
  2 orc high priests
  16 dancing weapons
  3 tengu warriors
  4 shock serpents
  2 skysharks
  3 soul eaters (WizLab)
  18 deep elf knights
  Amaemon (Lair:1)
  2 sun demons (WizLab)
  21 sea snakes
  4 salamander mystics
  44 deep trolls
  2 sixfirhies (WizLab)
  5 naga ritualists
  A glowing orange brain (D:15)
  A death drake (Snake:3)
  11 lindwurms
  A phantasmal warrior (Vaults:3)
  The ghost of NoOffense the Ruffian, a novice TrMo of Hepliaklqana (D:5)
  12 deep elf archers
  6 wizards
  15 ironbound convokers
  11 orc knights
  19 deep elf pyromancers
  19 deep elf zephyrmancers
  46 harpies
  A necromancer (Vaults:3)
  8 mana vipers
  19 manticores
  17 fauns
  37 ugly things
  A faun (shapeshifter) (D:15)
  A stone giant zombie (D:11)
  4 orc sorcerers
  19 cyclopes
  17 salamanders
  7 merfolk sirens
  Maurice (Orc:2)
  8 water nymphs
  6 guardian serpents
  8 vault sentinels
  29 black mambas
  14 elephants
  A rust devil (WizLab)
  10 naga magi
  2 smoke demons (WizLab)
  4 orange demons
  2 torpor snails
  2 rime drakes
  2 unseen horrors (D:12)
  8 cane toads
  A gargoyle (D:11)
  32 yaktaurs
  5 komodo dragons
  2 tormentors (WizLab)
  A kobold demonologist (D:14)
  2 ice devils (WizLab)
  A komodo dragon (shapeshifter) (D:13)
  An ancient zyme (Abyss:3)
  23 merfolk
  2 red devils (WizLab)
  10 trolls
  2 hellwings (WizLab)
  A troll (shapeshifter) (Elf:1)
  A queen bee (shapeshifter) (D:15)
  5 polar bears
  15 blink frogs
  5 meliai
  A hornet (shapeshifter) (Elf:1)
  3 wind drakes
  6 hornets
  A human simulacrum (Vaults:3)
  9 dream sheep (Lair:5)
  A flying skull (Vaults:3)
  7 snapping turtles
  13 spriggans (Lair:5)
  3 shadows (D:11)
  14 slime creatures
  10 wraiths
  11 air elementals
  2 vampires
  5 wyverns
  11 water elementals
  2 ynoxinuls
  7 fire elementals
  3 hogs (Shoals:1)
  A fire bat (D:10)
  2 golden eyes
  A golden eye (shapeshifter) (Elf:1)
  5 basilisks
  A human (Lair:3)
  2 large abominations (Abyss:3)
  A redback (Vaults:1)
  17 vampire mosquitoes
  A chaos spawn (WizLab)
  2 neqoxecs
  47 yaks
  38 nagas
  Menkaure (D:5)
  10 wargs
  12 water moccasins
  4 hell hounds (Snake:1)
  31 orc warriors
  A swamp drake (Lair:1)
  A glowing shapeshifter skeleton (Vaults:3)
  3 sky beasts
  10 ogres
  4 boggarts (Lair:5)
  9 black bears
  31 wolves
  17 centaurs
  A phantom (D:4)
  A human skeleton (Vaults:3)
  6 kobold brigands
  A cyclops zombie (D:11)
  10 earth elementals
  9 bullfrogs
  A gnoll sergeant (D:13)
  8 scorpions
  2 troll zombies (D:11)
  6 killer bees
  7 jellies
  2 electric eels
  A crimson imp (D:10)
  3 hounds
  22 orc priests
  A gnoll bouda (D:5)
  Jessica (D:3)
  6 iguanas
  30 orc wizards
  6 ogre zombies (D:11)
  18 gnolls
  5 adders (D:2)
  An ufetubus (D:4)
  A dart slug (D:1)
  79 orcs
  5 bats
  7 endoplasms
  5 giant cockroaches
  5 goblins
  8 hobgoblins
  16 kobolds
  9 quokkas
  6 ball pythons
  5 frilled lizards
  A goblin skeleton (D:11)
  3 goblin zombies (D:11)
  A hobgoblin skeleton (D:11)
  2 hobgoblin zombies (D:11)
  2 orc skeletons (D:11)
  16 orc zombies (D:11)
  6 rats
  A starspawn tentacle (Abyss:3)
1552 creatures vanquished.

Vanquished Creatures (collateral kills)
  A yaktaur captain (Vaults:3)
1 creature vanquished.

Vanquished Creatures (others)
  An ironbound preserver (Vaults:2)
  A deep elf annihilator (Elf:3)
  A centaur warrior (Vaults:1)
  A deep elf zephyrmancer (Elf:1)
  A manticore (Shoals:4)
  A water nymph (Shoals:4)
  A bush (Lair:3)
  22 fungi
  86 plants
  3 starspawn tentacles (Abyss:3)
118 creatures vanquished.

Grand Total: 1671 creatures vanquished

Notes
Turn   | Place    | Note
-------+----------+-------------------------------------------
     0 | D:1      | RepoMan the Vampire Monk began the quest for the Orb.
     0 | D:1      | Reached XP level 1. HP: 17/17 MP: 1/1
   199 | D:1      | Reached XP level 2. HP: 23/23 MP: 2/2
   334 | D:1      | Found Saucir's Magic Scroll Emporium.
   454 | D:1      | Reached skill level 4 in Unarmed Combat
   765 | D:1      | Found a faded altar of an unknown god.
   835 | D:2      | Gained mutation: You are afflicted with vampirism and can
                  | become a bat while bloodless. [Vampire growth]
   835 | D:2      | Reached XP level 3. HP: 23/23 MP: 3/3
  1002 | D:2      | Found a shadowy altar of Dithmenos.
  1431 | D:2      | Reached XP level 4. HP: 28/28 MP: 4/4
  1440 | D:2      | Reached skill level 5 in Unarmed Combat
  1584 | D:3      | Noticed Jessica
  1596 | D:3      | Killed Jessica
  1694 | D:1      | Bought 3 scrolls of identify for 78 gold pieces
  2233 | D:3      | Reached skill level 6 in Unarmed Combat
  2233 | D:3      | Reached XP level 5. HP: 30/32 MP: 5/5
  2255 | D:3      | Got Gyam's Exposition on Pollution and the Boggart
  2398 | D:3      | Found a sparkling altar of Nemelex Xobeh.
  2398 | D:3      | Found an opulent altar of Gozag.
  2901 | D:4      | Noticed an ogre
  2982 | D:4      | Noticed a phantom
  3063 | D:4      | Killed a phantom
  3127 | D:4      | Reached skill level 7 in Unarmed Combat
  3127 | D:4      | Reached XP level 6. HP: 37/37 MP: 6/6
  3693 | D:4      | You are sucked into a shaft and drop 2 floors!
  3708 | D:5      | Entered Level 5 of the Dungeon
  4058 | D:4      | Reached skill level 8 in Unarmed Combat
  4280 | D:1      | Bought a scroll of fear for 52 gold pieces
  4280 | D:1      | Bought a scroll of teleportation for 39 gold pieces
  4280 | D:1      | Bought a scroll of blinking for 97 gold pieces
  4397 | D:5      | Noticed Menkaure
  4512 | D:5      | Reached XP level 7. HP: 36/41 MP: 7/7
  5096 | D:5      | Killed Menkaure
  5097 | D:5      | Reached skill level 9 in Unarmed Combat
  5200 | D:5      | Reached skill level 5 in Stealth
  5216 | D:5      | Reached XP level 8. HP: 22/48 MP: 8/8
  5276 | D:5      | Found a staircase to the Ecumenical Temple.
  5281 | D:5      | Found a large runed translucent door.
  5281 | D:5      | Found a large runed translucent door.
  5285 | Temple   | Entered the Ecumenical Temple
  5331 | Temple   | Became a worshipper of the Wu Jian Council
  5331 | Temple   | Reached * piety under Wu Jian
  5331 | Temple   | Reached ** piety under Wu Jian
  5347 | D:5      | Noticed NoOffense's ghost (novice TrMo)
  5675 | D:5      | Found a shimmering blue altar of Sif Muna.
  5756 | D:5      | Found a radiant altar of Vehumet.
  6242 | D:6      | Reached skill level 5 in Dodging
  6383 | D:6      | Reached skill level 10 in Unarmed Combat
  6430 | D:6      | Identified the +1 rapier of the New World {freeze, rPois
                  | rF+ rCorr Int+3}
  6661 | D:7      | Upgraded the game from 0.30-a0-782-ge64f9170bb to
                  | 0.30-a0-845-g7c6808c8ce
  6722 | D:7      | Reached skill level 5 in Fighting
  6879 | D:7      | Reached XP level 9. HP: 34/54 MP: 9/9
  7682 | D:7      | Reached skill level 1 in Evocations
  7884 | D:8      | Reached *** piety under Wu Jian
  8026 | D:8      | Reached skill level 11 in Unarmed Combat
  8523 | D:8      | Reached **** piety under Wu Jian
  8966 | D:9      | Found a blossoming altar of Fedhas.
  9002 | D:9      | Reached XP level 10. HP: 60/60 MP: 10/10
  9012 | D:9      | Found a bloodstained altar of Trog.
  9129 | D:9      | Reached skill level 12 in Unarmed Combat
  9159 | D:9      | Found a hide-covered altar of Uskayaw.
  9356 | D:10     | Entered Level 10 of the Dungeon
  9475 | D:10     | Noticed a lindwurm
  9530 | D:10     | Noticed a lindwurm
  9536 | D:10     | Found a staircase to the Lair.
  9652 | D:10     | Found a shadowy altar of Dithmenos.
  9891 | D:10     | Found a shimmering altar of Xom.
  9918 | D:10     | Found a burning altar of Makhleb.
 10101 | D:10     | Found a portal to a secret trove of treasure.
 10215 | Lair:1   | Entered Level 1 of the Lair of Beasts
 10251 | Lair:1   | Noticed a cane toad
 10323 | Lair:1   | Reached skill level 13 in Unarmed Combat
 10500 | Lair:1   | a cane toad changed into a water moccasin
 10527 | Lair:1   | Noticed Amaemon
 10528 | Lair:1   | Noticed an orange demon
 10552 | Lair:1   | Killed Amaemon
 10552 | Lair:1   | Killed an orange demon
 10553 | Lair:1   | Reached XP level 11. HP: 63/67 MP: 11/11
 11337 | Lair:2   | Found a transporter.
 11337 | Lair:2   | Found a transporter.
 11352 | Lair:2   | Reached ***** piety under Wu Jian
 11395 | Lair:2   | Noticed a spriggan rider
 11430 | Lair:2   | Noticed wamuu's ghost (journeyman HOFi)
 11431 | Lair:2   | Noticed a spriggan berserker
 11558 | Lair:2   | Found a bloodstained altar of Trog.
 11772 | Lair:2   | Reached skill level 14 in Unarmed Combat
 11772 | Lair:2   | Reached skill level 5 in Evocations
 13026 | Lair:3   | Reached skill level 15 in Unarmed Combat
 13062 | Lair:3   | Reached XP level 12. HP: 59/75 MP: 12/12
 13213 | Lair:3   | Reached skill level 10 in Dodging
 13266 | Lair:3   | Found a staircase to the Shoals.
 13646 | Lair:3   | Noticed a boulder beetle
 13891 | Lair:3   | Identified the +5 flail of Superiority {heavy, rN++ Will++
                  | MP+9}
 13975 | Lair:3   | Reached skill level 16 in Unarmed Combat
 14013 | Lair:3   | Found a staircase to the Snake Pit.
 14082 | Lair:4   | Noticed a seven-headed hydra
 14461 | Lair:4   | Noticed a five-headed hydra
 15336 | Lair:5   | Entered Level 5 of the Lair of Beasts
 15349 | Lair:4   | Reached XP level 13. HP: 55/81 MP: 13/13
 15423 | Lair:5   | Noticed Urug
 15510 | Lair:4   | Reached skill level 17 in Unarmed Combat
 15600 | Lair:5   | Found a staircase to the Slime Pits.
 15887 | Lair:5   | Reached skill level 10 in Fighting
 16328 | Lair:5   | Identified the ring of Mehut {rElec rN+ MP+9 Str+4 Stlth-}
 16422 | Lair:5   | Reached ****** piety under Wu Jian
 16493 | Lair:5   | Found a viscous altar of Jiyva.
 17594 | D:11     | Reached skill level 18 in Unarmed Combat
 17772 | D:11     | Found a staircase to the Orcish Mines.
 17985 | Orc:1    | Entered Level 1 of the Orcish Mines
 17986 | Orc:1    | Noticed an orc warlord
 18038 | D:11     | Killed an orc warlord
 18213 | Orc:1    | Found Matuwyfo's Assorted Antiques.
 18225 | Orc:1    | Bought a scroll of identify for 60 gold pieces
 18225 | Orc:1    | Bought a scroll of identify for 60 gold pieces
 18225 | Orc:1    | Bought a scroll labelled SEAVUT YVUFRAYXT for 30 gold
                  | pieces
 18225 | Orc:1    | Bought a coppery potion for 27 gold pieces
 18294 | Orc:2    | Entered Level 2 of the Orcish Mines
 18383 | Orc:1    | Noticed an orc warlord
 18419 | Orc:2    | Found a staircase to the Elven Halls.
 18575 | Orc:2    | Noticed Maurice
 18730 | Orc:2    | Noticed an ettin
 18986 | Orc:2    | Reached XP level 14. HP: 72/88 MP: 14/14
 18992 | Orc:2    | Killed Maurice
 19053 | Orc:2    | Found Gomniru's Magic Scroll Shop.
 19061 | Orc:2    | Bought a scroll of vulnerability for 52 gold pieces
 19061 | Orc:2    | Bought a scroll of identify for 26 gold pieces
 19061 | Orc:2    | Bought a scroll of identify for 26 gold pieces
 19063 | Orc:2    | Identified a scroll of acquirement
 19361 | Orc:2    | Found Uriu's Distillery.
 19373 | Orc:2    | Bought a potion of heal wounds for 70 gold pieces
 19373 | Orc:2    | Bought 2 potions of heal wounds for 140 gold pieces
 19899 | Orc:2    | Noticed an orc warlord
 20068 | Orc:2    | Killed an orc warlord
 20163 | Orc:2    | Found Onergh's Antique Armour Shop.
 20178 | Orc:2    | Found Boossow's Antique Weapon Boutique.
 20496 | Orc:2    | Acquired a manual of Dodging
 20502 | Orc:1    | Paralysed by an orc sorcerer for 2 turns
 20514 | Orc:1    | Killed an orc warlord
 20900 | D:1      | Bought a scroll of acquirement for 676 gold pieces
 20900 | D:1      | Bought a scroll of poison for 52 gold pieces
 20900 | D:1      | Bought a scroll of blinking for 97 gold pieces
 20900 | D:1      | Bought a scroll of silence for 123 gold pieces
 20902 | D:1      | Acquired 715 gold pieces
 21166 | Orc:1    | Bought a scroll of teleportation for 90 gold pieces
 21166 | Orc:1    | Bought a scroll of blinking for 225 gold pieces
 21545 | D:11     | Reached skill level 19 in Unarmed Combat
 21892 | D:11     | Noticed a stone giant
 21908 | D:11     | Killed a stone giant
 21912 | D:11     | Identified the +2 double sword of Departure {flame, *Noise
                  | rElec Str+8 Stlth+}
 21915 | D:11     | Identified the +1 quarterstaff of Satyriasis {freeze, rF+}
 23917 | D:12     | Noticed a sphinx
 23917 | D:12     | Noticed a sphinx
 23944 | D:13     | Identified the ring of the Final Chapter {*Corrode rC+
                  | Int+3 Dex+4}
 24158 | D:13     | Reached XP level 15. HP: 89/96 MP: 15/15
 24943 | D:14     | Reached skill level 20 in Unarmed Combat
 25086 | D:14     | Found a gate to the Vaults.
 25397 | D:14     | Reached skill level 15 in Dodging
 25538 | D:14     | Noticed Josephine
 25693 | D:14     | Killed Josephine
 25976 | D:14     | Identified the +6 scale mail of the Blind Marksman {Harm
                  | rPois rF+ Str-2}
 26081 | D:15     | Entered Level 15 of the Dungeon
 26085 | D:15     | Found an iron altar of Okawaru.
 27213 | D:15     | Found Yclaec's Pet Rocks.
 27347 | D:15     | Bought a wand of digging (7) for 382 gold pieces
 27716 | D:15     | Found a staircase to the Depths.
 28121 | D:5      | Killed NoOffense's ghost
 28572 | Lair:3   | Found a runed translucent door.
 28572 | Lair:3   | Noticed Rupert
 28636 | Snake:1  | Entered Level 1 of the Snake Pit
 28640 | Snake:1  | Noticed Jorgrun
 28647 | Snake:1  | Killed Jorgrun
 28663 | Snake:1  | Noticed Frances
 28715 | Snake:1  | Noticed Azrael
 28804 | Snake:1  | Azrael changed into Azrael the cacodemon
 28804 | Snake:1  | Noticed Azrael
 28917 | Snake:1  | Killed Azrael the cacodemon
 29107 | Snake:1  | Reached skill level 21 in Unarmed Combat
 29475 | Snake:1  | Found Veess's Self-Improvement Boutique.
 29510 | Snake:1  | Bought a manual of Fighting for 880 gold pieces
 29655 | Snake:1  | Reached skill level 10 in Evocations
 29662 | Snake:1  | Reached XP level 16. HP: 77/103 MP: 16/16
 30726 | Snake:1  | Killed Frances
 30910 | Snake:2  | Upgraded the game from 0.30-a0-845-g7c6808c8ce to
                  | 0.30-a0-851-gbd0d260d8e
 34049 | Snake:4  | Entered Level 4 of the Snake Pit
 34520 | Snake:4  | Reached skill level 15 in Fighting
 35604 | Snake:4  | Identified the +0 helmet of the Guardian {rC- rN+++ rCorr
                  | Int-5}
 35728 | Snake:4  | Noticed Aizul
 35754 | Snake:4  | Killed Aizul
 36099 | Snake:4  | Reached XP level 17. HP: 115/115 MP: 17/17
 36934 | Snake:4  | Noticed Vashnia
 37649 | Snake:4  | Identified the ring of Dydat {rPois rC+ Dex+3 SInv}
 37784 | Snake:4  | Killed Vashnia
 37979 | Snake:4  | Reached skill level 22 in Unarmed Combat
 37982 | Snake:4  | Got a serpentine rune of Zot
 38260 | Shoals:1 | Entered Level 1 of the Shoals
 38360 | Shoals:1 | Noticed Kirke
 38373 | Shoals:1 | Killed Kirke
 38487 | Shoals:2 | Found a transporter.
 38487 | Shoals:2 | Noticed Majang's ghost (adept TeFE)
 38500 | Shoals:2 | Found a transporter.
 38520 | Shoals:2 | Killed Majang's ghost
 38538 | Shoals:2 | Noticed Polyphemus
 38552 | Shoals:2 | Killed Polyphemus
 38798 | Shoals:3 | Reached XP level 18. HP: 115/124 MP: 18/18
 38914 | Shoals:4 | Entered Level 4 of the Shoals
 39126 | Shoals:4 | Got a barnacled rune of Zot
 39127 | Shoals:4 | Identified the +1 scale mail "Zakaujab" {rPois}
 41108 | Elf:1    | Entered Level 1 of the Elven Halls
 41407 | Elf:1    | Found a runed translucent gate.
 41407 | Elf:1    | Noticed Opifex's ghost (journeyman DsFi)
 41408 | Elf:1    | Found a runed translucent gate.
 41412 | Elf:1    | Found a runed translucent gate.
 42510 | Elf:1    | Killed Opifex's ghost
 42547 | Elf:1    | Identified the +0 pair of gloves of the Original Sin {rC+
                  | Will+ Str+3}
 42638 | Elf:1    | Reached XP level 19. HP: 105/132 MP: 19/19
 42673 | Elf:1    | Reached skill level 23 in Unarmed Combat
 42965 | Elf:2    | Paralysed by an air elemental for 1 turns
 43717 | Elf:2    | Found a runed translucent gate.
 43717 | Elf:2    | Found a runed translucent gate.
 43717 | Elf:2    | Found a runed translucent gate.
 44546 | Elf:3    | Entered Level 3 of the Elven Halls
 44549 | Elf:3    | Found a flickering gateway to a bazaar.
 44575 | Elf:3    | Identified the +4 scale mail of Narcissism {Drain rF+
                  | Str+4}
 44813 | Bazaar   | Entered a bazaar
 44826 | Bazaar   | Found Xuhoxt's Jewellery Shoppe.
 44826 | Bazaar   | Found Ytywuo's Book Shoppe.
 44859 | Bazaar   | Found Omoxay's Magic Scroll Emporium.
 44859 | Bazaar   | Found Beoro's Weapon Emporium.
 44865 | Bazaar   | Bought a scroll of teleportation for 27 gold pieces
 44865 | Bazaar   | Bought a scroll of immolation for 36 gold pieces
 44865 | Bazaar   | Bought a scroll of poison for 36 gold pieces
 44865 | Bazaar   | Bought a scroll of teleportation for 27 gold pieces
 44865 | Bazaar   | Bought a scroll of immolation for 36 gold pieces
 45162 | Elf:3    | Identified Roxanne's Exposition on Shapes
 45162 | Elf:3    | Noticed Roxanne
 45226 | Elf:3    | Identified the +6 short sword of Poverty {freeze, *Slow
                  | Str-2 Int+8}
 45341 | Elf:3    | Noticed Louise
 45346 | Elf:3    | Killed Louise
 45534 | Abyss:3  | Cast into level 3 of the Abyss (a deep elf demonologist)
 45548 | Abyss:3  | Found a corrupted altar of Lugonu.
 45618 | Abyss:3  | Found a corrupted altar of Lugonu.
 45634 | Abyss:3  | Found a corrupted altar of Lugonu.
 45689 | Elf:3    | Escaped the Abyss
 45707 | Elf:3    | Identified the +5 flail of Zageneer {speed, rN+ Will+
                  | Stlth+}
 45821 | Elf:3    | Found the ring of Shadows {Umbra +Inv Stlth+}
 45828 | Elf:3    | Noticed a Tzitzimitl
 45936 | Elf:3    | Identified the +3 scale mail of Undesirable Species {Will+}
 45938 | Elf:3    | Identified the +7 war axe "Ysongosk" {pain, rF++ rN+}
 46322 | Vaults:1 | Entered Level 1 of the Vaults
 46596 | Vaults:1 | Reached XP level 20. HP: 140/140 MP: 20/20
 50241 | Vaults:2 | Reached skill level 24 in Unarmed Combat
 50389 | Vaults:2 | Found a magical portal.
 50394 | WizLab   | Entered The Hall of the Hellbinder
 50502 | WizLab   | Found a burning altar of Makhleb.
 50513 | WizLab   | Noticed Suivvec
 50523 | WizLab   | Killed Suivvec the Hellbinder
 50531 | WizLab   | Identified the +9 broad axe of Gis Bopp {speed, rN++ Dex+2}
 51075 | Vaults:2 | Noticed Boris
 51578 | Vaults:2 | Noticed Bai Suzhen
 51609 | Vaults:2 | Killed Bai Suzhen
 52101 | Vaults:2 | Noticed Donald
 52104 | Vaults:2 | Killed Donald
 52105 | Vaults:2 | Reached XP level 21. HP: 148/148 MP: 21/21
 52421 | Orc:1    | Bought a scroll of noise for 30 gold pieces
 52421 | Orc:1    | Bought 2 potions of resistance for 600 gold pieces
 52421 | Orc:1    | Bought a potion of haste for 300 gold pieces
 52497 | Orc:2    | Bought a potion of ambrosia for 112 gold pieces
 52497 | Orc:2    | Bought a potion of cancellation for 112 gold pieces
 52876 | Vaults:3 | Reached skill level 15 in Evocations
 54371 | Vaults:3 | Found a staircase to the Crypt.
 56094 | Vaults:4 | Killed from afar by a hell knight

Illustrated notes

Levels and vault maps discovered:
D:1:      nicolae_arrival_memento_mori, layout_basic, serial_shops,
          shop_scrolls, dilly_ecumenical_altar_fadedgnrine, st_stairs_11
D:2:      layout_loops_ring, basic_altar, serial_bayou_pond_c,
          minmay_misc_feat_roman, nrook_mini_vaults
D:3:      layout_basic, grunt_temple_overflow_opulence, minmay_hedge_maze,
          uniq_jessica
D:4:      layout_gridville, minmay_fractal_squares_5
D:5:      layout_rooms, mainiacjoe_overflow_two_lobes, temple_statues,
          ebering_ghost_disaster_area, eino_tiny_chamber, st_stairs_9,
          dreamdust_gnoll_farm, uniq_menkaure
D:6:      layout_gridville
D:7:      layout_basic, minmay_misc_feat_cross, minmay_misc_feat_four_crosses,
          nrook_uturn
D:8:      layout_cave_pools
D:9:      layout_roguey, fedhas_altar_3, nicolae_uskayaw_suspiria,
          lightli_temple_of_fire
D:10:     layout_small_grid, grunt_temple_overflow_champion_of_chaos,
          grunt_dithmenos_smoke_and_mirrors, lair_entry_dummy,
          nicolae_trove_entry_crystal, minmay_lindwurm_lava
D:11:     giant_chief_lemuel, layout_loops_corners, zombieorc2_lemuel
D:12:     minmay_connected_triangles_in_corner, layout_loops_ring
D:13:     layout_cave_pools
D:14:     layout_small_grid, hangedman_vaults_entry_quadrant_bands,
          corexii_hall_statues_x, uniq_josephine
D:15:     gammafunk_enter_depths_forms, layout_cave_pods, okawaru_gym_becter,
          guppyfry_shop_earth
Temple:   hellmonk_temple_flake
Lair:1:   layout_cave_pods, uniq_amaemon
Lair:2:   layout_concentric_octagons, gammafunk_ghost_wrathful_warriors,
          st_stairs_12, gammafunk_lair_bear_cave, grunt_megastairs_5
Lair:3:   layout_loops_ring, elwin_shoals_entry_stream,
          minmay_snake_entry_guardpost_small, pdpol_lair_cabin_in_the_woods
Lair:4:   layout_regular_city, serial_bayou_ford_a, grunt_megastairs_2
Lair:5:   minmay_lair_end_enchanted_forest, layout_layer_cave,
          nicolae_slime_entry_field_trip, lemuel_fruit_tree, uniq_urug
Shoals:1: layout_shoals, uniq_kirke
Shoals:2: layout_shoals, gammafunk_ghost_arena,
          nicolae_shoals_lost_giant_amphitheater, uniq_polyphemus
Shoals:3: layout_shoals
Shoals:4: shoals_end_hellmonk_lost_city
Snake:1:  layout_layer_cave, nicolae_shop_self_help, nicolae_triple_integral,
          uniq_azrael, uniq_frances, uniq_jorgrun
Snake:2:  layout_basic, serial_bayou_crossing
Snake:3:  layout_misc_corridors
Snake:4:  grunt_snake_rune_serpentine_throne, layout_cave_town,
          grunt_ministairs_14, drop_trap, nicolae_snake_snake_lake, uniq_aizul
Orc:1:    layout_caves, serial_shops, shop, mines2_lemuel
Orc:2:    grunt_orc_community_town_hall, layout_caves,
          grunt_orc_community_big_house_1, grunt_orc_community_big_house_1,
          grunt_orc_community_house_3, grunt_orc_community_house_2,
          grunt_orc_community_house_1, grunt_orc_community_house_2, uniq_maurice
Elf:1:    eino_elf_arrival_customs, layout_loops_corners, gammafunk_ghost_split,
          evilmike_minifort
Elf:2:    nicolae_elf_blades_splatter_lattice
          [nicolae_blade_entry_floor_patterns], layout_onion_city
Elf:3:    minmay_elf_hall_four_x, layout_geoelf_grid, serial_shops,
          bzr_in_the_mist, lemuel_flamethrower_3, uniq_roxanne, uniq_louise
Vaults:1: v_misc_10, ontoclasm_vaults_ring_large, ontoclasm_vaults_tryst,
          v_misc_28, vaults_dpeg_doors, nicolae_vaults_big_ls,
          nicolae_vaults_alarming, grunt_vaults_twisty, nicolae_vaults_asterisk,
          layout_vaults_omnibox, serial_glass
Vaults:2: infiniplex_enter_wizlab_spiral, v_pattern_1,
          ontoclasm_vaults_ring_small, vaults_room_fours, st_lines,
          ontoclasm_vaults_shuriken, v_misc_14, nicolae_vaults_yaktaur_gun_rack,
          vaults_dpeg_ring, layout_vaults_big_room, uniq_boris, uniq_bai_suzhen,
          uniq_donald
Vaults:3: nicolae_vaults_arrows, v_misc_5, v_misc_11,
          nicolae_vaults_network_quinsquares
          [nicolae_vaults_network_quincunx_subvault,
          nicolae_vaults_network_quincunx_subvault,
          nicolae_vaults_network_quincunx_subvault,
          nicolae_vaults_network_quincunx_subvault], vaults_room_semicircle,
          grunt_vaults_swirl, minmay_crypt_entry_simple_corners,
          nicolae_vaults_bisected_exclaves, v_misc_23,
          nicolae_vaults_angled_halls, v_misc_8, nicolae_vaults_rhombus_6,
          v_misc_24, nicolae_vaults_big_angled_halls, vaults_room_grid,
          ontoclasm_vaults_ligature, layout_vaults_maze
Vaults:4: st_cells, nicolae_vaults_gold_heap, grunt_vaults_focal,
          ontoclasm_vaults_decontamination, ontoclasm_vaults_loading_screen,
          layout_vaults_omnigrid, uniq_margery, uniq_zenata

Skill      XL: |  1  2  3  4  5  6  7  8  9 10 11 12 13 14 15 16 17 18 19 20 21 |
---------------+----------------------------------------------------------------+-----
Fighting       | 3 4 5 6 7 8 9 10 11 12 15 17 19 20 21 | 21.9
Unarmed Combat | 4 6 7 8 9 10 11 13 15 16 18 19 21 22 23 24 | 24.6
Stealth        | 5 6 9 |  9.3
Dodging        | 4 5 7 8 9 11 12 14 16 18 19 20 21 22 | 22.2
Evocations     | 3 4 6 7 9 10 11 12 13 14 15 | 15.4

Action                     |  1- 3 |  4- 6 |  7- 9 | 10-12 | 13-15 | 16-18 | 19-21 || total
---------------------------+-------+-------+-------+-------+-------+-------+-------++-------
  Melee: Unarmed           |   117 |   182 |   446 |   773 |  1652 |  1646 |  1702 ||  6518
         Bite              |    14 |    20 |    67 |   172 |   299 |   316 |   367 ||  1255
         Punch             |     1 |       |       |       |       |       |       ||     1
 Invoke: Serpent's Lash    |       |       |       |     5 |    19 |    22 |    24 ||    70
         Heavenly Storm    |       |       |       |       |       |     1 |     2 ||     3
Ability: Exsanguinate      |     1 |       |       |       |       |       |       ||     1
         Bat Form          |     1 |       |       |       |       |       |       ||     1
         Lunge             |       |       |    39 |    85 |   205 |   197 |   190 ||   716
         Whirlwind         |       |       |    51 |    90 |   222 |   729 |   488 ||  1580
         Wall Jump         |       |       |     4 |     7 |    10 |    26 |    18 ||    65
  Evoke: Wand              |       |       |       |     7 |    34 |    12 |    10 ||    63
         Condenser vane    |       |       |       |       |     5 |       |     4 ||     9
         Box of beasts     |       |       |       |       |       |       |     1 ||     1
    Use: Scroll            |       |     6 |    12 |     2 |    22 |     6 |    13 ||    61
         Potion            |       |     1 |       |     1 |    11 |     3 |    15 ||    31
   Stab: Sleeping          |    18 |    19 |    10 |    20 |    41 |    27 |    35 ||   170
         Distracted        |     1 |     1 |     1 |     4 |    15 |     9 |    13 ||    44
         Paralysed         |       |       |       |       |     3 |       |     1 ||     4
         Invisible         |       |       |       |       |     6 |       |       ||     6
 Armour: Robe              |    14 |       |       |       |       |       |       ||    14
  Dodge: Dodged            |    68 |   126 |   307 |   544 |   917 |   995 |   936 ||  3893
  Block: Other             |       |       |       |       |    75 |   166 |   139 ||   380
         Reflection        |       |       |       |       |     8 |    15 |    10 ||    33

Table legend: (Time is in decaauts)
 A = Elapsed time spent in this place.
 B = Non-inter-level travel time spent in this place.
 C = Inter-level travel time spent in this place.
 D = Time resting spent in this place.
 E = Time spent auto-exploring this place.
 F = Levels seen in this place.
 G = Mean time per level.
                   A        B        C        D        E       F      G
               +--------+--------+--------+--------+--------+-----+--------+
         Total |  40732 |  38022 |   2710 |  12652 |   8118 |  41 |  993.5 |
       Dungeon |  13774 |  12253 |   1521 |   2379 |   2956 |  15 |  918.3 |
        Temple |     35 |     35 |      0 |      0 |      0 |   1 |   35.0 |
          Lair |   5274 |   4883 |    391 |   1096 |   1254 |   5 | 1054.8 |
        Shoals |   1808 |   1739 |     69 |    398 |    606 |   4 |  452.0 |
     Snake Pit |   7225 |   7127 |     98 |   3748 |   1237 |   4 | 1806.2 |
  Orcish Mines |   1889 |   1638 |    251 |    171 |    132 |   2 |  944.5 |
   Elven Halls |   3512 |   3339 |    173 |   1284 |    791 |   3 | 1170.7 |
        Vaults |   6673 |   6468 |    205 |   3454 |   1070 |   4 | 1668.2 |
         Abyss |     93 |     93 |      0 |      0 |      0 |   1 |   93.0 |
        Bazaar |     47 |     47 |      0 |      0 |      0 |   1 |   47.0 |
        Wizlab |    397 |    397 |      0 |    119 |     68 |   1 |  397.0 |
               +--------+--------+--------+--------+--------+-----+--------+

Top non-repeatable levels by time:
Vaults:1: 3036 daAuts
Vaults:3: 2400 daAuts
 Snake:4: 2358 daAuts
 Snake:3: 1847 daAuts
    D:11: 1827 daAuts
 Snake:1: 1820 daAuts
   Orc:2: 1415 daAuts
    D:14: 1413 daAuts
   Elf:1: 1413 daAuts
  Lair:3: 1349 daAuts
     D:5: 1212 daAuts
 Snake:2: 1199 daAuts
   Elf:2: 1192 daAuts
    D:15: 1147 daAuts
Vaults:2: 1037 daAuts
